AoeStats
← chengyenfa

Nomad

510043685Analyzed
4v4 RM · 5d ago on Sep 29, 2026· 58m 45s· 8 players
Game mode
Random Map
Map size
231×231
Population
200
Speed
Normal
Resources
Standard
Victory
Conquest
Starting age
Dark Age
Ending age
Imperial Age
RankedLock teamsTeams togetherTeam positionsShared explorationLock speedFull tech treeHidden civsTurbo modeCheats
Victory
Defeat
🇨🇳 Spanish · China
1514
+24
🇧🇷 Italians · Brazil
1507
+24
🇹🇼 Sicilians · Taiwan
1397
+27
🇹🇼 Berbers · Taiwan
1386
+26
🇧🇩 Varangians · Bangladesh
1758
-27
🇧🇩 Persians · Bangladesh
1715
-26
🇨🇦 Dravidians · Canada
1690
-26
🇺🇸 Italians · United States
1588
-22
Hash-
4:39 Loom
13:59 Feudal Age
14:46 Double-Bit Axe
17:54 Castle Age
16:13 Fishing Lines
19:43 Bow Saw
22:32 Horse Collar
25:18 Wheelbarrow
28:53 Hand Cart
28:45 Gold Mining
33:41 Imperial Age
31:05 Town Watch
31:29 Scale Barding Armor
31:34 Forging
33:09 Chain Barding Armor
33:18 Bloodlines
33:08 Husbandry
34:38 Iron Casting
35:02 Plate Barding Armor
35:12 Cavalier
37:09 Stone Mining
39:32 Paladin
40:55 Iron Casting
45:34 Blast Furnace
47:22 Conscription
46:25 Light Cavalry
TW_Picar
11:10 Loom
14:17 Feudal Age
15:59 Fletching
21:10 Stone Mining
23:57 Castle Age
23:14 Bloodlines
23:59 Double-Bit Axe
23:56 Horse Collar
35:49 Wheelbarrow
39:29 Bow Saw
39:20 Heavy Plow
39:54 Gold Mining
42:34 Scale Barding Armor
42:40 Forging
42:26 Bodkin Arrow
43:06 Husbandry
47:34 Imperial Age
46:22 Chain Barding Armor
46:37 Iron Casting
46:46 Hand Cart
47:50 Heavy Camel Rider
48:54 Conscription
49:07 Crop Rotation
49:11 Maghrebi Camels
49:47 Plate Barding Armor
50:13 Blast Furnace
50:37 Town Watch
50:54 Light Cavalry
53:00 Coinage
52:41 Guilds
52:45 Town Patrol
53:08 Hussar
54:57 Stone Shaft Mining
54:59 Gold Shaft Mining
56:05 Bracer
56:56 Padded Archer Armor
57:05 Thumb Ring
56:31 Elite Genitour
59:08 Fortified Wall
59:18 Ballistics
59:59 Chemistry
59:05 Siege Engineers
58:40 Treadmill Crane
59:11 Masonry
58:33 Elite Camel Archer
59:16 Kasbah
59:52 Hoardings
chengyenfa
5:43 Loom
18:00 Feudal Age
21:42 Town Watch
23:13 Double-Bit Axe
23:35 Fishing Lines
26:31 Wheelbarrow
26:38 Fletching
29:38 Castle Age
27:40 Horse Collar
28:23 Padded Archer Armor
28:42 Gold Mining
28:43 Stone Mining
30:27 Bodkin Arrow
31:15 Bow Saw
32:56 Medium Warships
40:45 Gold Shaft Mining
41:08 Leather Archer Armor
41:46 Hand Cart
41:21 Crossbowman
46:09 Imperial Age
45:05 Heavy Plow
47:20 Bracer
47:31 Forging
47:22 Scale Mail Armor
48:22 Masonry
48:32 Ballistics
48:26 Masonry
49:12 Stone Shaft Mining
50:17 Chemistry
49:59 Scale Barding Armor
51:10 Crop Rotation
50:33 Light Cavalry
51:24 Bloodlines
51:19 Husbandry
51:41 Chain Barding Armor
52:54 Siege Engineers
53:31 Plate Barding Armor
54:10 Elite Skirmisher
55:03 Elite Genitour
58:13 Iron Casting
逆·风
4:58 Loom
15:13 Feudal Age
15:40 Town Watch
15:42 Double-Bit Axe
15:38 Fishing Lines
19:26 Castle Age
17:18 Stone Mining
17:37 Fletching
18:13 Padded Archer Armor
20:50 Bow Saw
20:33 Gillnets
21:52 Medium Warships
21:51 Bodkin Arrow
23:22 Wheelbarrow
23:17 Leather Archer Armor
27:36 Imperial Age
25:53 Hand Cart
26:18 Horse Collar
28:58 Conscription
29:37 Bracer
33:18 Conscription
34:18 Ballistics
35:39 Ring Archer Armor
36:11 Heavy Plow
39:15 Scale Mail Armor
39:26 Forging
39:19 Squires
39:05 Arson
41:01 Gold Mining
41:48 Stone Shaft Mining
42:19 Chemistry
41:00 Treadmill Crane
41:31 Masonry
41:25 Elite Skirmisher
42:26 Thumb Ring
44:58 Two-Man Saw
44:29 Crop Rotation
44:48 Architecture
46:14 Chain Mail Armor
45:21 Elite Genoese Crossbowman
47:07 Hoardings
47:39 Pirotechnia
53:21 Plate Mail Armor
53:27 Iron Casting
52:14 Pikeman
54:14 Elite Genitour
54:57 Town Patrol
55:09 Capped Ram
Vladimir Computin
5:02 Loom
12:30 Feudal Age
17:03 Castle Age
15:19 Double-Bit Axe
16:13 Fletching
17:38 Fishing Lines
17:46 Fishing Lines
18:17 Medium Warships
27:33 Horse Collar
30:38 Wheelbarrow
31:16 Gillnets
33:23 Hand Cart
35:49 Imperial Age
34:01 Bodkin Arrow
34:07 Padded Archer Armor
34:36 Gold Mining
34:58 Bow Saw
34:16 Elite Skirmisher
35:47 Leather Archer Armor
36:38 Bracer
37:19 Heavy Plow
38:35 Ring Archer Armor
39:16 Conscription
41:59 Chemistry
41:19 Ballistics
45:02 Masonry
45:34 Scale Barding Armor
46:44 Cranequins
46:44 Heavy Mounted Crossbowman
49:14 Husbandry
49:24 Bloodlines
53:30 Chain Barding Armor
53:20 Forging
56:44 Light Cavalry
58:04 Plate Barding Armor
ThreeEyedRaven
6:42 Loom
24:58 Feudal Age
29:01 Castle Age
26:53 Fishing Lines
27:26 Double-Bit Axe
27:35 Horse Collar
29:47 Bow Saw
30:40 Gillnets
31:31 Wheelbarrow
30:42 Town Watch
37:05 Imperial Age
34:45 Heavy Plow
36:04 Bloodlines
36:49 Husbandry
36:55 Scale Barding Armor
37:35 Forging
37:27 Cavalier
39:54 Chain Barding Armor
40:05 Savar
41:32 Heavy Camel Rider
44:33 Plate Barding Armor
45:10 Iron Casting
47:55 Blast Furnace
46:17 Light Cavalry
48:40 Fletching
48:20 Hussar
51:21 Hand Cart
57:31 Fletching
TomRiddle
8:20 Loom
12:49 Feudal Age
13:32 Town Watch
16:46 Castle Age
15:11 Fletching
16:36 Double-Bit Axe
17:23 Bodkin Arrow
17:05 Crossbowman
21:57 Bow Saw
22:38 Ballistics
25:53 Horse Collar
29:29 Wheelbarrow
29:03 Heavy Plow
31:39 Hand Cart
32:19 Fishing Lines
33:22 Pikeman
34:02 Squires
34:04 Scale Mail Armor
34:14 Forging
34:07 Stone Mining
34:08 Gold Mining
38:38 Imperial Age
38:40 Chain Mail Armor
46:11 Halberdier
48:24 Plate Mail Armor
49:06 Iron Casting
49:53 Siege Elephant
53:31 Blast Furnace
53:37 Fortified Wall
55:12 Wootz Steel
55:18 Conscription
55:25 Gold Mining
57:18 Coinage
56:59 Guilds
58:29 Bracer
BeardyMan37
5:03 Loom
14:24 Feudal Age
19:26 Castle Age
17:09 Fishing Lines
18:16 Double-Bit Axe
18:23 Fletching
20:12 Gillnets
20:33 Bow Saw
20:20 Bodkin Arrow
20:33 Town Watch
21:26 Wheelbarrow
22:19 Padded Archer Armor
23:12 Ballistics
24:52 Horse Collar
26:09 Leather Archer Armor
33:43 Imperial Age
33:09 Heavy Plow
33:11 Crossbowman
33:56 Thumb Ring
34:03 Masonry
34:25 Bracer
34:01 Arbalester
37:24 Hand Cart
39:41 Chemistry
42:37 Hand Cart
46:35 Chemistry
47:25 Two-Man Saw
46:16 Gold Mining
46:17 Stone Mining
47:08 Heavy Plow
48:48 Ring Archer Armor
49:24 Masonry
54:20 Elite Skirmisher
57:35 Architecture
Connection lost

Rejoining the realm…

Still unreachable

The connection could not be restored.

Session expired

The server has moved on; the page needs a fresh start.